 Dungeon Crawl Stone Soup version 0.26-a0-694-g74916bafe0 (webtiles) character file.

Game seed: 6338700616875871111

111 CheiIsBae the Chopper (level 4, 0/39 HPs)
             Began as a Hill Orc Fighter on Oct 25, 2020.
             Slain by a gnoll
             ... wielding a +0 whip
              (9 damage)
             ... on level 2 of the Dungeon.
             The game lasted 00:01:47 (1363 turns).

CheiIsBae the Chopper (Hill Orc Fighter)            Turns: 1363, Time: 00:01:48

Health: 0/39       AC:  6    Str: 19    XL:     4   Next: 92%
Magic:  4/4        EV:  7    Int:  8    God:
Gold:   84         SH:  9    Dex: 10    Spells: 3/3 levels left

rFire    . . .     SeeInvis .   a - +0 war axe
rCold    . . .     Faith    .   c - +0 kite shield
rNeg     . . .     Spirit   .   b - +0 scale mail
rPois    .         Reflect  .   (no helmet)
rElec    .         Harm     .   (no cloak)
rCorr    .         Rampage  .   (no gloves)
MR       .....                  (no boots)
Stlth    ..........             (no amulet)
HPRegen  0.13/turn              (no ring)
MPRegen  0.09/turn              (no ring)

@: mighty
A: no striking features
a: no special abilities


You were on level 2 of the Dungeon.
You visited 1 branch of the dungeon, and saw 2 of its levels.

You collected 84 gold pieces.

Inventory:

Hand Weapons
 a - a +0 war axe (weapon)
Armour
 b - a +0 scale mail (worn)
 c - a +0 kite shield (worn)
Jewellery
 e - an uncursed ring of ice {unknown}
 j - an uncursed ring of protection from magic {unknown}
Scrolls
 f - 2 scrolls of fog {unknown}
 h - 4 scrolls of fear {unknown}
 i - a scroll of noise {unknown}
 k - a scroll of remove curse {unknown}
Potions
 g - a potion of curing {unknown}
 l - a potion of brilliance {unknown}


   Skills:
 - Level 3.6 Fighting
 * Level 5.6 Axes
 - Level 3.2 Armour
 - Level 4.2 Shields


You had 3 spell levels left.
You didn't know any spells.
Your spell library was empty.

Dungeon Overview and Level Annotations

Branches:
Dungeon (2/15)

Altars:


Message History

The gnoll is moderately wounded.
The gnoll barely misses you.
The gnoll hits you from afar with a +0 halberd.
You slash the gnoll!
You kill the gnoll!
The gnoll hits you from afar with a +0 halberd!
The gnoll barely misses you.
Things that are here:
a +0 flail; a gnoll corpse The gnoll hits you!
* * * LOW HITPOINT WARNING * * *
The gnoll closely misses you. The gnoll hits you but does no damage.
You barely miss the gnoll. You closely miss the gnoll. You hit the gnoll.
The gnoll hits you.
* * * LOW HITPOINT WARNING * * *
You block the gnoll's attack. x2; The gnoll barely misses you.
Your shield prevents you from hitting the gnoll.
You barely miss the gnoll. x2; The gnoll hits you but does no damage.
You block the gnoll's attack. x2; The gnoll hits you with a +0 whip!
You die...

############
#####...#.......
#................
########.##.. ..........
......#.....###.........
......#.###.#$#.........
......#.#.##.##gg.......
....^...##†.†#.)@g......
......#..)#...##........
).....##.##.##.#..##....
......##.#[#.###..# ###
...>..##.###.....##
......##.. ..#...#
###..##<.. ....#.# #
#... .[.###. ..#
##......# .


You could see 3 gnolls.

Vanquished Creatures
  A howler monkey (D:2)
  A gnoll (D:2)
  2 adders
  An ooze (D:1)
  3 dart slugs
  A bat (D:2)
  A giant cockroach (D:2)
  4 goblins (D:1)
  5 hobgoblins
  3 jackals (D:1)
  5 kobolds
  A quokka (D:2)
  A frilled lizard (D:2)
  7 rats
36 creatures vanquished.

Notes
Turn   | Place    | Note
-------+----------+-------------------------------------------
     0 | D:1      | CheiIsBae the Hill Orc Fighter began the quest for the Orb.
     0 | D:1      | Reached XP level 1. HP: 19/19 MP: 1/1
   335 | D:1      | Reached skill level 3 in Axes
   450 | D:1      | Reached XP level 2. HP: 26/26 MP: 2/2
   806 | D:1      | Reached skill level 4 in Axes
   807 | D:1      | Reached XP level 3. HP: 25/31 MP: 3/3
  1311 | D:2      | Reached skill level 5 in Axes
  1311 | D:2      | Reached XP level 4. HP: 24/39 MP: 4/4
  1363 | D:2      | Slain by a gnoll

Illustrated notes

Levels and vault maps discovered:
D:1:      lightli_arrival_flooded_house, layout_loops_ring
D:2:      layout_rooms, minmay_heptomino_o4

Skill      XL: |  1  2  3 |
---------------+----------+-----
Axes           | 3 4 5 |  5.6
Shields        | 4 |  4.2
Fighting       | |  3.6
Armour         | |  3.2

Action                   |  1- 3 |  4- 6 || total
-------------------------+-------+-------++-------
Melee: War axe           |   101 |    19 ||   120
  Use: Potion            |       |     1 ||     1
Armor: Scale mail        |    43 |     8 ||    51
Dodge: Dodged            |    30 |     7 ||    37
Block: Kite shield       |    51 |    10 ||    61

Table legend: (Time is in decaauts)
 A = Elapsed time spent in this place.
 B = Non-inter-level travel time spent in this place.
 C = Inter-level travel time spent in this place.
 D = Time resting spent in this place.
 E = Time spent auto-exploring this place.
 F = Levels seen in this place.
 G = Mean time per level.
                   A        B        C        D        E       F      G
               +--------+--------+--------+--------+--------+-----+--------+
         Total |   1409 |   1381 |     28 |     86 |   1034 |   2 |  704.5 |
       Dungeon |   1409 |   1381 |     28 |     86 |   1034 |   2 |  704.5 |
               +--------+--------+--------+--------+--------+-----+--------+

Top non-repeatable levels by time:
     D:1: 1029 daAuts
     D:2: 380 daAuts
